 Dungeon Crawl Stone Soup version 0.29-a0-1019-g84f7d21838 (webtiles) character file.

Game seed: 2516024939492237249

36 IdlyInterested the Sneak (level 3, -3/24 HPs)
             Began as a Demonspawn Air Elementalist on Aug 10, 2022.
             Constricted to death by Sigmund (5 damage)
             ... on level 2 of the Dungeon.
             The game lasted 00:06:26 (1516 turns).

IdlyInterested the Sneak (DsAE)                     Turns: 1516, Time: 00:06:28

Health: -3/24      AC: 12    Str:  8    XL:     3   Next: 19%
Magic:  6/6        EV:  7    Int: 16    God:
Gold:   63         SH:  0    Dex: 15    Spells: 2/6 levels left

rFire   . . .      SeeInvis .   f - +2 short sword (protect)
rCold   . . .      Faith    .   (no shield)
rNeg    . . .      Spirit   .   g - +0 ring mail {rPois}
rPois   +          Reflect  .   (no helmet)
rElec   .          Harm     .   (no cloak)
rCorr   .          Rampage  .   (no gloves)
Will    .....                   (no boots)
Stlth   ..........              (no amulet)
HPRegen 0.08/turn               (no ring)
MPRegen 0.10/turn               (no ring)

@: confused, grasped by roots, under a protective aura, constricted
A: powered by death 2, poison resistance
a: no special abilities


You were on level 2 of the Dungeon.
You visited 1 branch of the dungeon, and saw 2 of its levels.

You collected 63 gold pieces.

Inventory:

Hand Weapons
 f - a +2 short sword of protection (weapon)
Armour
 a - a +0 robe
 g - a +0 ring mail of poison resistance (worn)
 h - an orb of light
 i - a +1 leather armour
Scrolls
 c - 2 scrolls of teleportation
 d - a scroll of immolation
Potions
 b - a potion of magic
 e - a potion of brilliance
 k - a potion of attraction {unknown}
 m - a potion of curing {unknown}


   Skills:
 - Level 0.2 Fighting
 + Level 0.9 Short Blades
 - Level 1.0 Armour
 - Level 1.7 Dodging
 * Level 2.7 Stealth
 - Level 2.0 Spellcasting
 - Level 1.0 Conjurations
 - Level 2.6 Air Magic
 - Level 1.0 Invocations


You had 2 spell levels left.
You knew the following spells:

 Your Spells              Type           Power      Damage    Failure   Level
a - Shock                 Conj/Air       28%        1d4       30%         1
b - Swiftness             Air            10%        N/A       54%         3

Your spell library contained the following spells:

 Spells                   Type           Power      Damage    Failure   Level
 Static Discharge         Conj/Air       7%         3-4/arc   41%         2
 Airstrike                Air            5%         2d(1-17)  91%         4


Dungeon Overview and Level Annotations

Branches:
Dungeon (2/15)

Altars:

Annotations:
D:2 Sigmund


Innate Abilities, Weirdness & Mutations

You regenerate health from kills.
Your system is resistant to poisons. (rPois)


Message History

The grasping roots grab you!
You are constricted.
You hear a shout!
You escape the roots grasp.
Something completely misses you. Something hits you but does no damage.
You puncture something!
Your weapon exudes an aura of protection.
Something hits you but does no damage.
You miss something. You closely miss something.
Something hits you but does no damage.
You hit something.
Your weapon exudes an aura of protection.
Something hits you.
You completely miss something.
A kobold comes into view. It is wielding a +0 club.
Something hits you but does no damage.
You closely miss something.
It was a potion of mutation.
You feel extremely strange.
You feel resistant to poisons. The kobold closely misses you.
You hear a zap.
The roots erupt in riotous growth!
The grasping roots grab you!
The kobold is unaffected.
You are constricted.
* * * LOW HITPOINT WARNING * * *
You hit the kobold.
Your weapon exudes an aura of protection.
The kobold is severely wounded.
The kobold completely misses you.
You hear some strange, mumbled words.
Something tries to affect you, but you resist.
You are constricted.
* * * LOW HITPOINT WARNING * * *
You miss the kobold.
The kobold is severely wounded.
The kobold hits you but does no damage.
You hear some strange, mumbled words.
You are confused.
You are constricted.
You die...

...# #.# ####.### ...#
#.###......# ...#
#....#...#.#
...###....#####.#
..........#.....#
...###.#....##### .
.....#.#†...# ...
..).##.#....#######.....
.......##+#....K@{......
##.######=.....####.....
#.# ######.# ... #.#
#... . #.##### #.#.#
#.....## ##.... ###....#
. ### #....# # ..
####....##.#


You could see a kobold.

Vanquished Creatures
  An adder (D:2)
  3 bats
  A giant cockroach (D:1)
  3 goblins (D:1)
  2 hobgoblins (D:1)
  2 jackals (D:1)
  3 quokkas (D:1)
  3 ball pythons (D:1)
  3 frilled lizards (D:1)
  3 kobolds (D:1)
  A rat (D:1)
25 creatures vanquished.

Notes
Turn   | Place    | Note
-------+----------+-------------------------------------------
     0 | D:1      | IdlyInterested the Demonspawn Air Elementalist began the
                  | quest for the Orb.
     0 | D:1      | Reached XP level 1. HP: 13/13 MP: 3/3
   343 | D:1      | Gained mutation: You regenerate a little health from kills.
                  | [demonic ancestry]
   343 | D:1      | Reached XP level 2. HP: 11/19 MP: 5/5
   514 | D:1      | Reached skill level 1 in Armour
  1216 | D:2      | Reached skill level 1 in Invocations
  1216 | D:2      | Gained mutation: You regenerate health from kills. [demonic
                  | ancestry]
  1216 | D:2      | Reached XP level 3. HP: 21/24 MP: 1/6
  1220 | D:2      | Learned a level 3 spell: Swiftness
  1496 | D:2      | Noticed Sigmund
  1514 | D:2      | Gained mutation: Your system is resistant to poisons.
                  | (rPois) [potion of mutation]
  1515 | D:2      | HP: 1/24 [something (3)]
  1516 | D:2      | Constricted to death by Sigmund

Illustrated notes

Levels and vault maps discovered:
D:1:      roderic_crossed_star, layout_loops_ring, wad_floor_pattern_untrapped
D:2:      layout_basic, uniq_sigmund, uniq_terence, uniq_robin

Skill      XL: |  1  2 |
---------------+-------+-----
Stealth        | 2 |  2.7
Armour         | 1 |  1.0
Invocations    | 1 |  1.0
Fighting       | |  0.2
Short Blades   | |  0.9
Dodging        | |  1.7
Spellcasting   | |  2.0
Conjurations   | |  1.0
Air Magic      | |  2.6

Action                   || total
-------------------------++-------
Melee: Short sword       ||    67
       Unarmed           ||     1
 Cast: Shock             ||    22
  Use: Scroll            ||     4
       Potion            ||     1
 Stab: Sleeping          ||     4
Armor: Robe              ||    17
       Ring mail         ||     9
Dodge: Dodged            ||    51

Table legend: (Time is in decaauts)
 A = Elapsed time spent in this place.
 B = Non-inter-level travel time spent in this place.
 C = Inter-level travel time spent in this place.
 D = Time resting spent in this place.
 E = Time spent auto-exploring this place.
 F = Levels seen in this place.
 G = Mean time per level.
                   A        B        C        D        E       F      G
               +--------+--------+--------+--------+--------+-----+--------+
         Total |   1520 |   1410 |    110 |    347 |    750 |   2 |  760.0 |
       Dungeon |   1520 |   1410 |    110 |    347 |    750 |   2 |  760.0 |
               +--------+--------+--------+--------+--------+-----+--------+

Top non-repeatable levels by time:
     D:1: 1298 daAuts
     D:2: 222 daAuts
